 Dungeon Crawl Stone Soup version 0.12.2-15-gdabe59b (webtiles) character file.

872 Gabry the Shield-Bearer (level 7, -4/60 HPs)
             Began as a Minotaur Fighter on Aug 11, 2013.
             Was an Initiate of Okawaru.
             Killed by nerve-wracking pain
             ... invoked by an orc priest
              (6 damage)
             ... on Level 4 of the Dungeon on Aug 12, 2013.
             The game lasted 00:20:46 (3293 turns).

Gabry the Shield-Bearer (Minotaur Fighter)          Turns: 3293, Time: 00:20:46

HP  -4/60        AC 15     Str 20      XL: 7   Next: 29%
MP   2/2         EV  4     Int  5      God: Okawaru [......]
Gold 218         SH 22     Dex 12      Spells:  0 memorised,  6 levels left

Res.Fire  : . . .   See Invis. : .   a - +3,+2 dwarf sabre
Res.Cold  : + . .   Warding    : .   u - +0 plate armour
Life Prot.: . . .   Conserve   : .   c - +1 shield
Res.Poison: .       Res.Corr.  : .   (helmet restricted)
Res.Elec. : .       Clarity    : .   r - +0 cloak
Sust.Abil.: . .     Spirit.Shd : .   o - +0 pair of gloves
Res.Mut.  : .       Stasis     : .   (no boots)
Res.Rott. : .       Ctrl.Telep.: .   (no amulet)
Saprovore : . . .   Flight     : .   (no ring)
                                     B - ring of protection from cold

@: slightly resistant to hostile enchantments, extremely unstealthy
A: retaliatory headbutt, horns 2
a: Renounce Religion


You were on level 4 of the Dungeon.
You worshipped Okawaru.
Okawaru was noncommittal.
You were not hungry.

You visited 2 branches of the dungeon, and saw 5 of its levels.

You collected 198 gold pieces.

Inventory:

Hand weapons
 a - a +3,+2 dwarven sabre (weapon)
 i - a +4,+2 quarterstaff of chaos
 l - a +2,+0 elven dagger (quivered)
 x - a +0,+1 dwarven hammer
 y - a +0,+1 dwarven hammer
 z - a +0,+1 dwarven hammer
 A - a +1,+0 dwarven hammer
Armour
 b - a +0 scale mail
 c - a +1 shield (worn)
 o - a +0 pair of gloves (worn)
 p - a +0 leather armour
 r - a +0 cloak (worn)
 u - a +0 plate armour (worn)
Magical devices
 s - a wand of random effects (10) {unknown}
Comestibles
 d - 2 bread rations
 g - a pear
Scrolls
 f - a scroll of teleportation
 j - 2 scrolls of remove curse
 q - a scroll of fear
 w - a scroll of curse armour {unknown}
Jewellery
 B - a ring of protection from cold (left hand)
Potions
 e - 4 potions of curing {unknown}
 h - a potion of paralysis {unknown}
 k - a potion of restore abilities {unknown}
 m - a potion of resistance {unknown}
 n - a potion of slowing {unknown}
Books
 v - a book of War Chants

   Spells                             Type                      Level
   Fire Brand                         Charms/Fire                  2
   Freezing Aura                      Charms/Ice                   2
   Shroud of Golubria                 Charms/Translocation         2
   Repel Missiles                     Charms/Air                   2
   Poison Weapon                      Charms/Poison                3
   Regeneration                       Charms/Necromancy            3


   Skills:
 + Level 4.6 Fighting
 * Level 2.1 Short Blades
 - Level 3.2 Maces & Flails
 + Level 5.9 Armour
 + Level 3.8 Dodging
 + Level 0.3 Stealth
 + Level 6.1 Shields


You had 6 spell levels left.
You didn't know any spells.

Dungeon Overview and Level Annotations

Branches:
Dungeon (4/27)             Temple (1/1) D:4

Altars:
Ashenzari
Elyvilon
Fedhas
Kikubaaqudgha
Nemelex Xobeh
Okawaru
Sif Muna
Trog
Vehumet
Xom
Zin


Innate Abilities, Weirdness & Mutations

You reflexively headbutt those who attack you in melee.
You have a pair of horns on your head.


Message History

You closely miss the orc priest.
The orc priest hits you but does no damage.
An orc wizard comes into view. It is wielding an orcish dagger.
You closely miss the orc priest.
The orc wizard mumbles some strange words.
The orc wizard flickers and vanishes!
Deactivating autopickup; reactivate with Ctrl-A.
The orc priest calls down the wrath of Beogh upon you.
Pain shoots through your body!
* * * LOW HITPOINT WARNING * * *
You hit the orc priest.
The orc priest is moderately wounded.
You block the orc priest's attack.
The orc priest complains noisily.
The orc priest invokes the aid of Beogh against you.
Something smites you!
* * * LOW HITPOINT WARNING * * *
The orc priest invokes the aid of Beogh against you.
Pain shoots through your body!
You die...

>.........(..##.# .....
###......>(.....###..# #
##...#.....###...#
###..........# ##.##.##.#
.##.#.##.##.## #.##.##.#
#.#..#...##.# #.##.##.#
##..###.###.# #.##.##.#
#..## ##....#####.##.##.#
..#.###.###.....@.##.##.#
#.##.#.####.#####.##.##.##
............# #.##.....#
.........#### #.o[.....#
#.###.......# #######..?#
#.# ####.##.# #.>.# #)#
#.# # #...# #.# ##.## #
.......#### #.#####...#.#
............


You could see an orc priest.

Vanquished Creatures
  An ice beast (D:4)
  A phantom (D:4)
  A wyvern skeleton (D:3)
  An ogre (D:4)
  A hound (D:4)
  Crazy Yiuf (D:3)
  3 worker ants (D:4)
  3 gnolls (D:4)
  6 adders
  5 worms
  2 oozes (D:3)
  7 orcs
  7 bats
  4 giant cockroaches
  9 goblins
  A hobgoblin (D:2)
  4 jackals (D:1)
  A quokka (D:3)
  2 ball pythons
  2 giant newts (D:2)
  6 kobolds
  8 rats
76 creatures vanquished.

Vanquished Creatures (others)
  A quokka (D:2)
  A giant newt (D:1)
2 creatures vanquished.

Grand Total: 78 creatures vanquished

Notes
Turn   | Place    | Note
--------------------------------------------------------------
     0 | D:1      | Gabry, the Minotaur Fighter, began the quest for the Orb.
     0 | D:1      | Reached XP level 1. HP: 19/19 MP: 0/0
   155 | D:1      | Reached XP level 2. HP: 24/26 MP: 0/0
   244 | D:1      | Reached skill level 4 in Armour
   629 | D:2      | Found a white marble altar of Elyvilon.
   964 | D:3      | Reached skill level 1 in Dodging
   964 | D:3      | Reached XP level 3. HP: 20/33 MP: 1/1
  1025 | D:3      | Noticed a wyvern skeleton
  1032 | D:3      | Killed a wyvern skeleton
  1032 | D:3      | Reached XP level 4. HP: 23/40 MP: 1/1
  1069 | D:3      | Reached XP level 5. HP: 21/46 MP: 1/1
  2047 | D:3      | Noticed Crazy Yiuf
  2059 | D:3      | Killed Crazy Yiuf
  2059 | D:3      | Reached skill level 5 in Shields
  2170 | D:4      | Reached skill level 5 in Armour
  2208 | D:4      | Noticed an ogre
  2665 | D:4      | Killed an ogre
  2665 | D:4      | Reached XP level 6. HP: 49/53 MP: 2/2
  2741 | D:4      | Noticed an ice beast
  2763 | D:4      | Killed an ice beast
  2763 | D:4      | Reached skill level 1 in Short Blades
  2919 | D:4      | Found a staircase to the Ecumenical Temple.
  2924 | D:4      | Reached skill level 6 in Shields
  2924 | D:4      | Reached XP level 7. HP: 56/60 MP: 2/2
  3061 | Temple   | Entered the Ecumenical Temple
  3202 | Temple   | Became a worshipper of Warmaster Okawaru
  3291 | D:4      | HP: 2/60 [orc priest/divine providence (11)]
  3293 | D:4      | Killed from afar by an orc priest

Action                   |  1- 3 |  4- 6 |  7- 9 || total
-------------------------+-------+-------+-------++-------
Melee: Mace              |    64 |    87 |       ||   151
       Hammer            |       |    31 |       ||    31
       Sabre             |       |    55 |    42 ||    97
  Use: Scroll            |     5 |     6 |       ||    11
